 Dungeon Sprint DCSS version 0.28.0-53-g5a82cb258f (webtiles) character file.

Game seed: 18149264593452042514

18509 Zeld the Executioner (level 12, -1/137 HPs)
             Began as a Minotaur Berserker on June 13, 2022.
             Was the Champion of Trog.
             Slain by a deep elf death mage
             ... wielding a +0 long sword
              (12 damage)
             ... in the Dungeon (Sprint VII: "The Pits").
             The game lasted 00:04:04 (3631 turns).

Zeld the Executioner (Minotaur Berserker)           Turns: 3631, Time: 00:04:05

Health: -1/137     AC: 22    Str: 26    XL:     12   Next: 28%
Magic:  0/11       EV: 15    Int:  4    God:    Trog [******]
Gold:   37         SH:  0    Dex: 17    Spells: 11/11 levels left

rFire   . . .      SeeInvis +   a - +4 executioner's axe "Guysmeim" {vorpal, rN+ Dex+6 Stlth+}
rCold   . . .      Faith    .   (shield currently unavailable)
rNeg    + . .      Spirit   .   b - +2 plate armour
rPois   .          Reflect  .   o - +2 hat {Stlth+}
rElec   .          Harm     .   (no cloak)
rCorr   .          Rampage  .   n - +0 pair of gloves
Will    +....      NoTele   +   (no boots)
Stlth   ..........              (no amulet)
HPRegen 0.32/turn               r - ring of see invisible
MPRegen 0.12/turn               s - ring of willpower

@: on berserk cooldown, slowed, very slow
A: horns 2, retaliatory headbutt
a: Renounce Religion, Berserk, Trog's Hand, Brothers in Arms


You were in the Dungeon.
You worshipped Trog.
Trog was exalted by your worship.
You visited 1 branch You collected 37 gold pieces.

Inventory:

Hand Weapons
 a - the +4 executioner's axe "Guysmeim" (weapon) {vorpal, rN+ Dex+6 Stlth+}
   (Trog gifted it to you in the Dungeon)

   It inflicts extra damage upon your enemies.
   Dex:       It affects your dexterity (+6).
   rN:        It protects you from negative energy.
   Stlth:     It makes you more stealthy.
Armour
 b - a +2 plate armour (worn)
 n - a +0 pair of gloves (worn)
 o - a +2 hat of stealth (worn)
Jewellery
 r - a ring of see invisible (left hand)
 s - a ring of willpower (right hand)
Scrolls
 h - 4 scrolls of blinking
 j - a scroll of fear
 k - 4 scrolls of enchant weapon
 l - 4 scrolls of enchant armour
 p - a scroll of fog
Potions
 c - 8 potions of curing
 d - 14 potions of heal wounds
 e - 4 potions of haste
 f - 4 potions of magic
 g - 3 potions of berserk rage
 i - 2 potions of invisibility
 m - 2 potions of might
 q - a potion of mutation


   Skills:
 * Level 21.8 Fighting
 * Level 21.8 Axes
 + Level 15.8 Armour
 + Level 14.5 Dodging


You had 11 spell levels left.
You didn't know any spells.
Your spell library was empty.

Dungeon Overview and Level Annotations

Branches:
Dungeon (1/1)

Altars:
Ashenzari
Cheibriados
Dithmenos
Elyvilon
Fedhas
Gozag
Hepliaklqana
Kikubaaqudgha
Makhleb
Nemelex Xobeh
Okawaru
Qazlal
Ru
Sif Muna
Trog
Uskayaw
Vehumet
Wu Jian
Xom
Yredelemnul
Zin
The Shining One
Beogh
Jiyva
Lugonu


Innate Abilities, Weirdness & Mutations

You have a pair of horns on your head.
You reflexively headbutt those who attack you in melee.


Message History

Your deep troll barely misses Mam Ynoa.
The green death barely misses you. You furiously retaliate!
You headbutt the green death. You slash Mam Ynoa!
You headbutt Mam Ynoa, but do no damage.
Mam Ynoa is almost dead.
You barely miss the green death. You miss the spriggan defender.
The spriggan defender hits you with a +0 antimagic lajatang!
* * * LOW HITPOINT WARNING * * *
You feel your power leaking away.
Mam Ynoa tramples you but does no damage.
Your deep troll bites Mam Ynoa!
Your deep troll claws Mam Ynoa but does no damage.
Your deep troll barely misses Mam Ynoa.
You barely miss Mam Ynoa. You headbutt Mam Ynoa.
Mam Ynoa is almost dead.
You slice the green death!!
You open the deep elf death mage like a pillowcase!!!
You miss the spriggan defender.
The spriggan defender hits you with a +0 antimagic lajatang!
* * * LOW HITPOINT WARNING * * *
You feel your power leaking away. Mam Ynoa tramples you.
* * * LOW HITPOINT WARNING * * *
You hold your ground!
The green death hits you!!
* * * LOW HITPOINT WARNING * * *
Unknown command.
You hit Mam Ynoa but do no damage.
You headbutt Mam Ynoa, but do no damage.
Mam Ynoa is almost dead.
You completely miss the spriggan defender.
You barely miss the deep elf death mage.
You slash the green death!
You are no longer berserk.
You are exhausted.
You feel yourself slow down.
Your deep troll bites Mam Ynoa but does no damage.
Your deep troll claws Mam Ynoa but does no damage.
Your deep troll barely misses Mam Ynoa.
The deep elf death mage hits you with a +0 long sword!
You die...

+..#....#..# +..........#
#e.........#
####################3.#....#..#
..................''..........#
..................e'..........#
################4c##..#....#..#
# #2e##..........+ #
#@i##..........+ #
#&.####++####++# # #T.# # #..#
#############+##..#
..................#
..................#
#######''##########
#######''###### ###


You could see Mam Ynoa (ally target), a yaktaur captain, a green death, a deep
elf death mage, a spriggan defender, a soul eater (summoned), an orange demon
(summoned), 2 deep elf zephyrmancers and a friendly deep troll (summoned,
berserk).

Vanquished Creatures
  An ancient lich (D)
  Gastronok (D)
  A vampire knight (D)
  Erolcha (D)
  A merfolk avatar (D)
  A boulder beetle (D)
  A two-headed ogre (D)
  Sonja (D)
  A deep elf knight (D)
  A shadow wraith (D)
  A deep troll (D)
  A phantasmal warrior (D)
  2 deep elf zephyrmancers (D)
  2 deep elf pyromancers (D)
  A merfolk siren (D)
  A freezing wraith (D)
  A guardian mummy (D)
  A red devil (D)
  A merfolk (D)
  A tyrant leech (D)
  13 blink frogs (D)
  7 dream sheep (D)
  A flying skull (D)
  A jumping spider (D)
  A small abomination (D)
  A wraith (D)
  A wyvern (D)
  5 yaks (D)
  Eustachio (D)
  Menkaure (D)
  An acid dragon (D)
  A water moccasin (D)
  A black bear (D)
  A necrophage (D)
  2 wolves (D)
  A phantom (D)
  A scorpion (D)
  2 hounds (D)
  An orc priest (D)
  3 orc wizards (D)
  2 gnolls (D)
  A river rat (D)
  A white imp (D)
  2 ufetubi (D)
  An adder zombie (D)
  A worm (D)
  5 orcs (D)
  A bat zombie (D)
  2 endoplasms (D)
  A giant cockroach (D)
  A hobgoblin (D)
  2 jackals (D)
  A kobold (D)
  A quokka (D)
  A bat (D)
  3 rats (D)
94 creatures vanquished.

Notes
Turn   | Place    | Note
-------+----------+-------------------------------------------
     0 | D        | Zeld the Minotaur Berserker began the quest for the Orb.
     0 | D        | Reached XP level 1. HP: 19/19 MP: 0/0
    17 | D        | Found a bloodstained altar of Trog.
    17 | D        | Found a shimmering blue altar of Sif Muna.
    17 | D        | Found a viscous altar of Jiyva.
    17 | D        | Found a hazy altar of Hepliaklqana.
    17 | D        | Found an opulent altar of Gozag.
    18 | D        | Found a glowing golden altar of the Shining One.
    18 | D        | Found a glowing silver altar of Zin.
    18 | D        | Found a basalt altar of Yredelemnul.
    18 | D        | Found a shimmering altar of Xom.
    18 | D        | Found an ornate altar of the Wu Jian Council.
    18 | D        | Found a sacrificial altar of Ru.
    18 | D        | Found a stormy altar of Qazlal.
    18 | D        | Found an iron altar of Okawaru.
    18 | D        | Found a sparkling altar of Nemelex Xobeh.
    18 | D        | Found a burning altar of Makhleb.
    18 | D        | Found a blossoming altar of Fedhas.
    18 | D        | Found a white marble altar of Elyvilon.
    18 | D        | Found a shadowy altar of Dithmenos.
    18 | D        | Found a snail-covered altar of Cheibriados.
    19 | D        | Found a radiant altar of Vehumet.
    19 | D        | Found a corrupted altar of Lugonu.
    20 | D        | Found an ancient bone altar of Kikubaaqudgha.
    20 | D        | Found a hide-covered altar of Uskayaw.
    20 | D        | Found a broken altar of Ashenzari.
    52 | D        | Noticed a scorpion
    56 | D        | Killed a scorpion
    57 | D        | Reached XP level 2. HP: 31/31 MP: 1/1
    57 | D        | Reached XP level 3. HP: 38/38 MP: 2/2
    57 | D        | Reached ** piety under Trog
   141 | D        | Reached XP level 4. HP: 38/45 MP: 3/3
   240 | D        | Reached *** piety under Trog
   246 | D        | Reached skill level 5 in Armour
   246 | D        | Reached **** piety under Trog
   252 | D        | Reached XP level 5. HP: 53/53 MP: 4/4
   384 | D        | Reached ***** piety under Trog
   387 | D        | Noticed a water moccasin
   393 | D        | Reached skill level 5 in Dodging
   397 | D        | Killed a water moccasin
   397 | D        | Received a gift from Trog
   402 | D        | Reached XP level 6. HP: 31/64 MP: 5/5
   597 | D        | Noticed Menkaure
   600 | D        | Killed Menkaure
   601 | D        | Reached skill level 10 in Fighting
   601 | D        | Reached skill level 10 in Axes
   742 | D        | Noticed a merfolk
   752 | D        | Killed a merfolk
   753 | D        | Reached XP level 7. HP: 15/74 MP: 6/6
  1457 | D        | Noticed a blink frog
  1457 | D        | Noticed a blink frog
  1457 | D        | Noticed a blink frog
  1463 | D        | Killed a blink frog
  1463 | D        | Received a gift from Trog
  1470 | D        | Killed a blink frog
  1471 | D        | Reached XP level 8. HP: 85/85 MP: 7/7
  1472 | D        | Killed a blink frog
  1650 | D        | Noticed a deep troll
  1650 | D        | Noticed a small abomination
  1654 | D        | Killed a small abomination
  1661 | D        | Killed a deep troll
  1662 | D        | Reached skill level 10 in Armour
  1823 | D        | Noticed Erolcha
  1824 | D        | Noticed a blink frog
  1824 | D        | Noticed a jumping spider
  1826 | D        | Noticed Gastronok
  1826 | D        | Noticed a blink frog
  1826 | D        | Noticed a blink frog
  1828 | D        | Noticed a blink frog
  1833 | D        | Killed Erolcha
  1833 | D        | Noticed a blink frog
  1834 | D        | Reached skill level 15 in Fighting
  1834 | D        | Reached skill level 15 in Axes
  1834 | D        | Reached XP level 9. HP: 51/97 MP: 8/8
  1836 | D        | Reached ****** piety under Trog
  1837 | D        | Reached skill level 10 in Dodging
  1837 | D        | Killed Gastronok
  1840 | D        | Received a gift from Trog
  1841 | D        | Reached XP level 10. HP: 21/108 MP: 9/9
  2289 | D        | Noticed a two-headed ogre
  2293 | D        | Killed a two-headed ogre
  2380 | D        | Noticed a merfolk siren
  2387 | D        | Identified the +4 executioner's axe "Guysmeim" {vorpal, rN+
                  | Dex+6 Stlth+} (Trog gifted it to you in the Dungeon)
  2387 | D        | Received a gift from Trog
  2396 | D        | Killed a merfolk siren
  2396 | D        | Received a gift from Trog
  2777 | D        | Reached XP level 11. HP: 121/121 MP: 10/10
  2778 | D        | Received a gift from Trog
  2786 | D        | Received a gift from Trog
  2819 | D        | Noticed a vampire knight
  2825 | D        | Received a gift from Trog
  2826 | D        | Killed a vampire knight
  2928 | D        | Noticed a deep elf zephyrmancer
  2929 | D        | Noticed a merfolk avatar
  2931 | D        | Noticed a deep elf pyromancer
  2932 | D        | Noticed a deep elf pyromancer
  2933 | D        | Killed a deep elf zephyrmancer
  2933 | D        | Received a gift from Trog
  2934 | D        | Noticed Sonja
  2935 | D        | Noticed a boulder beetle
  2936 | D        | Noticed a phantasmal warrior
  2936 | D        | Noticed Eustachio
  2940 | D        | Killed a shadow wraith
  2947 | D        | Killed Sonja
  2955 | D        | Received a gift from Trog
  2958 | D        | Killed a merfolk avatar
  2959 | D        | Killed a phantasmal warrior
  2960 | D        | Killed a deep elf pyromancer
  2961 | D        | Reached skill level 15 in Armour
  2961 | D        | Killed Eustachio
  2962 | D        | Killed a deep elf pyromancer
  2962 | D        | Received a gift from Trog
  2964 | D        | Killed a boulder beetle
  3198 | D        | Noticed a deep elf zephyrmancer
  3212 | D        | Killed a deep elf zephyrmancer
  3213 | D        | Reached XP level 12. HP: 66/136 MP: 11/11
  3601 | D        | Noticed a green death
  3601 | D        | Noticed an ancient lich
  3601 | D        | Noticed a yaktaur captain
  3601 | D        | Noticed a deep elf death mage
  3601 | D        | Noticed a spriggan defender
  3601 | D        | Noticed Mam Ynoa the pandemonium lord
  3602 | D        | Noticed a lich
  3623 | D        | Killed an ancient lich
  3631 | D        | Slain by a deep elf death mage

Illustrated notes

Levels and vault maps discovered:
D:        pitsprint [storerooms_1, entrance_room_1, metal_vault_4, armoury_1,
          mini_pit_1, grid_room_1, main_hall_1, silver_pit, the_coven_3,
          the_vestibule_1, steel_vault_3, golden_pit, hallway_of_sentries,
          crystal_vault_1, iron_vault_5, final_vault]

Skill      XL: |  1  2  3  4  5  6  7  8  9 10 11 |
---------------+----------------------------------+-----
Fighting       | 6 7 9 11 12 15 16 18 21 | 21.8
Axes           | 6 7 9 11 12 15 16 18 21 | 21.8
Armour         | 4 5 6 7 9 10 11 13 15 | 15.8
Dodging        | 3 4 5 7 8 9 10 12 14 | 14.5

Action                   |  1- 3 |  4- 6 |  7- 9 | 10-12 || total
-------------------------+-------+-------+-------+-------++-------
Melee: Hand axe          |     9 |    28 |       |       ||    37
       Headbutt          |     2 |     2 |     2 |    19 ||    25
       Punch             |       |     2 |       |       ||     2
       Battleaxe         |       |    12 |    40 |    34 ||    86
       Executioner's axe |       |       |       |    76 ||    76
Invok: Berserk           |     1 |     1 |     3 |     1 ||     6
       Brothers in Arms  |       |       |       |     2 ||     2
  Use: Potion            |       |       |       |     2 ||     2
       Scroll            |       |       |       |     1 ||     1
 Stab: Distracted        |       |       |       |     1 ||     1
Armor: Animal skin       |       |     2 |       |       ||     2
       Plate armour      |       |    10 |    24 |    52 ||    86
Dodge: Dodged            |     2 |    16 |    18 |    68 ||   104
